 Dungeon Crawl Stone Soup version 0.19.5 (webtiles) character file.

92 miragecloak the Changer (level 4, -3/28 HPs)
             Began as an Octopode Transmuter on May 3, 2017.
             Slain by Grinder (4 damage)
             ... on level 3 of the Dungeon.
             The game lasted 00:02:10 (2161 turns).

miragecloak the Changer (Octopode Transmuter)       Turns: 2161, Time: 00:02:10

Health: -3/28      AC:  2    Str: 15    XL:     4   Next: 60%
Magic:  15/16      EV: 20    Int: 15    God:
Gold:   150        SH:  0    Dex: 18    Spells: 2 memorised, 3 levels left

rFire  . . .     SeeInvis .       - Unarmed
rCold  . . .     Gourm    .     (shield currently unavailable)
rNeg   . . .     Faith    .     (helmet currently unavailable)
rPois  x         Spirit   .     (no amulet)
rElec  .         Reflect  .     e - ring of magical power
rCorr  .         Harm     .     f - +6 ring of strength
MR     .....                    (no ring)
Stlth  ++........               (no ring)
                                (no ring)
                                (no ring)
                                (no ring)
                                (no ring)

@: spider-form (expiring)
A: almost no armour, stealthy swim, (amphibious), 8 rings, (constrict 8),
(camouflage 0), (gelatinous body 0)
a: End Transformation


You were on level 3 of the Dungeon.
You were not hungry.
You were a venomous arachnid creature.
You visited 1 branch of the dungeon, and saw 3 of its levels.

You collected 150 gold pieces.

Inventory:

Missiles
 a - 33 arrows
Jewellery
 e - a ring of magical power (left front leg)
 f - a +6 ring of strength (right front leg)
Wands
 k - a wand of heal wounds (4/9)
Scrolls
 d - a scroll of remove curse {unknown}
 g - 2 scrolls of identify {unknown}
 h - a scroll of magic mapping {unknown}
 j - 4 scrolls of teleportation {unknown}
Potions
 l - 2 potions of might {unknown}
 m - a potion of haste {unknown}
 n - a potion of brilliance {unknown}
 o - a potion of flight {unknown}
Books
 b - a book of Changes

   Spells                             Type                      Level
   a - Beastly Appendage              Transmutation                1
   b - Sticks to Snakes               Transmutation                2
   c - Spider Form                    Transmutation/Poison         3
   d - Ice Form                       Ice/Transmutation            4
   e - Blade Hands                    Transmutation                5
Comestibles
 c - 3 bread rations
 i - a royal jelly
 p - a beef jerky


   Skills:
 - Level 1.0 Fighting
 - Level 2.0 Dodging
 - Level 2.0 Stealth
 - Level 3.0 Unarmed Combat
 - Level 2.0 Spellcasting
 + Level 3.8 Transmutations
 + Level 2.2 Poison Magic


You had 3 spell levels left.
You knew the following spells:

 Your Spells              Type           Power        Failure   Level  Hunger
a - Beastly Appendage     Tmut           ##....       17%         1    #......
b - Spider Form           Tmut/Pois      ##........   41%         3    ###....


Dungeon Overview and Level Annotations

Branches:
Dungeon (3/15)

Altars:
Dithmenos
Vehumet

Annotations:
D:3 Grinder


Innate Abilities, Weirdness & Mutations

You cannot wear most types of armour.
You are very stealthy in the water. (Stealth+)
((You are amphibious.))
You can wear up to eight rings at the same time.
((You can use your tentacles to constrict eight enemies at once.))
((Your skin changes colour to match your surroundings (Stealth+).))
((Your rubbery body absorbs attacks. (AC +1, EV +1)))


Message History

Your transformation is almost over.
Grinder hits you.
You writhe in agony.
Grinder hits you but does no damage. Grinder gestures at you.
Pain shoots through your body! Grinder hits you!
* * * LOW HITPOINT WARNING * * *
You writhe in agony.
* * * LOW HITPOINT WARNING * * *
You can move again.
Unknown command.
You are too injured to fight recklessly!
You are too injured to fight recklessly!
You are too injured to fight recklessly!
You are too injured to fight recklessly!
You are too injured to fight recklessly!
You are too injured to fight recklessly!
You are too injured to fight recklessly!
You hit Grinder but do no damage. Grinder hits you.
You die...

###...###.........
##...#.............
##### (.......#.........
######
#.......####..(.........
#.....# #.....
#........##8.^8##
.......
......##.###.#..#.....##
.......
................###..###
.......
#..............#.....8#
.......
#....5s........###.†###
.......
#.............##....._#
.......
#....?........####..###
.......
......###########8....##
....... ###### ###..###
....... ♣.....# .......
#⌠_⌠### ....... ##### #
.......


You could see Grinder.

Vanquished Creatures
  2 adders (D:2)
  An ooze (D:1)
  A worm (D:2)
  A dart slug (D:1)
  2 leopard geckos (D:1)
  4 ball pythons
  2 giant cockroaches
  8 goblins
  4 hobgoblins
  11 jackals
  8 bats
  2 frilled lizards (D:2)
  7 kobolds
  4 rats
57 creatures vanquished.

Notes
Turn   | Place    | Note
-------+----------+-------------------------------------------
     0 | D:1      | miragecloak the Octopode Transmuter began the quest for the Orb.
     0 | D:1      | Reached XP level 1. HP: 13/13 MP: 3/3
   194 | D:1      | Reached XP level 2. HP: 18/18 MP: 5/5
   203 | D:1      | Reached skill level 1 in Stealth
   480 | D:1      | Reached XP level 3. HP: 14/23 MP: 4/6
   680 | D:1      | Learned a level 3 spell: Spider Form
  1050 | D:2      | Reached skill level 1 in Poison Magic
  1302 | D:2      | Reached XP level 4. HP: 28/28 MP: 7/7
  2121 | D:3      | Found a shadowy altar of Dithmenos.
  2121 | D:3      | Found a radiant altar of Vehumet.
  2146 | D:3      | Noticed Grinder
  2154 | D:3      | Paralysed by Grinder for 7 turns
  2160 | D:3      | HP: 1/28 [Grinder (1)]
  2161 | D:3      | Slain by Grinder

Skill      XL: |  1  2  3  4 |
---------------+-------------+-----
Stealth        | 1 2 |  2.0
Transmutations | 3 |  3.8
Poison Magic   | 1 2 |  2.2
Fighting       | |  1.0
Dodging        | |  2.0
Unarmed Combat | |  3.0
Spellcasting   | |  2.0

Action                   |  1- 3 |  4- 6 || total
-------------------------+-------+-------++-------
Melee: Unarmed           |    73 |    48 ||   121
       Constrict         |    23 |     3 ||    26
       Tentacles         |    13 |     1 ||    14
       Kick              |    16 |       ||    16
       Punch             |     2 |       ||     2
 Cast: Beastly Appendage |    19 |       ||    19
       Spider Form       |     3 |    10 ||    13
 Stab: Sleeping          |     9 |     2 ||    11
  Eat: Chunk             |     2 |     4 ||     6
Armor: Skin              |     6 |     6 ||    12
Dodge: Dodged            |    52 |    46 ||    98
